NCAA
MICHIGAN STATE SPARTANS @ BOSTON COLLEGE EAGLES
04/25/2025
 
TOP OF THE 1ST
Michigan State Spartans batting - Pitching for Boston College Eagles : RHP Culley Booth
Pitching: RHP Culley Booth
Batting: RHB Jorge Carranza 0-0: Ball
1-0: Foul Ball, location: 2F
1-1: Ground out U3 (Groundball, 3)
Batting: LHB Troy Jackson 0-0: Called Strike
0-1: Bunt for hit - play at first, batter OUT! 1-3
Batting: LHB Cliff Mills 0-0: Ground out 4-3 (Groundball, 4)
Top of the 1st over - 0 run(s), 0 hit(s), 0 error(s), 0 left on base; Michigan State 0 - Boston College 0
BOTTOM OF THE 1ST
Boston College Eagles batting - Pitching for Michigan State Spartans : RHP Brad Clay
Pitching: RHP Brad Clay
Batting: RHB Randall Luna 0-0: Ball
1-0: Ground out 6-3 (Groundball, 6S)
Batting: RHB Emory Brooks 0-0: Called Strike
0-1: Swinging Strike
0-2: Ball
1-2: Ball
2-2: Foul Ball, location: 2F
2-2: Strikes out looking
Batting: LHB Dave Cook 0-0: Ball
1-0: Foul Ball, location: 2F
1-1: Ball
2-1: DOUBLE (Flyball, 89XD)
Batting: RHB Vernon Sterling 0-0: Called Strike
0-1: Foul Ball, location: 2F
0-2: Ball
1-2: Foul Ball, location: 2F
1-2: Ball
2-2: Ball
3-2: Base on Balls
Batting: SHB Felipe Castro 0-0: Called Strike
0-1: SINGLE (Groundball, 34S) (infield hit)
Dave Cook to third
Vernon Sterling to second
Batting: RHB Dennis House 0-0: Called Strike
0-1: Ball
1-1: Foul Ball, location: 2F
1-2: SINGLE (Line Drive, 7LS)
Dave Cook scores
Vernon Sterling to third
Felipe Castro to second
Runner from 3rd tries for Home, SAFE, no throw or cutoff
Batting: LHB Greg Hyde 0-0: Called Strike
0-1: Foul Ball, location: 2F
0-2: Hit by Pitch
Felipe Castro to third
Dennis House to second
Batting: RHB Jesús Morales 0-0: Called Strike
0-1: Ball
1-1: Ball
2-1: Fly out, F7 (Flyball, 78M)
Bottom of the 1st over - 2 run(s), 3 hit(s), 0 error(s), 3 left on base; Michigan State 0 - Boston College 2
TOP OF THE 2ND
Michigan State Spartans batting - Pitching for Boston College Eagles : RHP Culley Booth
Batting: RHB Andrew Holmes 0-0: Ball
1-0: Ball
2-0: Called Strike
2-1: Ball
3-1: Base on Balls
Batting: RHB Ryan Miller 0-0: Called Strike
0-1: Foul Ball, location: 2F
0-2: Fly out, F4 (Popup, 4MD)
Batting: RHB Arthur Hopkins 0-0: Ball
1-0: Called Strike
1-1: Ball
2-1: Ball
3-1: Base on Balls
Andrew Holmes to second
Batting: RHB Herman O'Gleason 0-0: Ball
1-0: Called Strike
1-1: Swinging Strike
1-2: Strikes out swinging
Batting: RHB Nick Whitehead 0-0: Ground out 1-3 (Groundball, 23)
Top of the 2nd over - 0 run(s), 0 hit(s), 0 error(s), 2 left on base; Michigan State 0 - Boston College 2
BOTTOM OF THE 2ND
Boston College Eagles batting - Pitching for Michigan State Spartans : RHP Brad Clay
Batting: RHB Theodore Burns 0-0: Ball
1-0: Ball
2-0: Ground out 1-3 (Groundball, 34S)
Batting: RHB Randall Luna 0-0: Ball
1-0: Swinging Strike
1-1: Swinging Strike
1-2: Foul Ball, location: 2F
1-2: Foul Ball, location: 2F
1-2: Foul Ball, location: 2F
1-2: Ball
2-2: Ball
3-2: Foul Ball, location: 2F
3-2: Base on Balls
Batting: RHB Emory Brooks 0-0: Ball
1-0: Called Strike
1-1: Foul Ball, location: 2F
1-2: Foul Ball, location: 2F
1-2: Foul Ball, location: 2F
1-2: Ball
2-2: Strikes out swinging
Batting: LHB Dave Cook 0-0: Ball
1-0: Foul Ball, location: 2F
1-1: Ball
2-1: Ball
3-1: Swinging Strike
3-2: Foul Ball, location: 2F
3-2: Foul Ball, location: 2F
3-2: Ground out 6-3 (Groundball, 6M)
Bottom of the 2nd over - 0 run(s), 0 hit(s), 0 error(s), 1 left on base; Michigan State 0 - Boston College 2
TOP OF THE 3RD
Michigan State Spartans batting - Pitching for Boston College Eagles : RHP Culley Booth
Batting: RHB Clinton Cook 0-0: Ball
1-0: Called Strike
1-1: Swinging Strike
1-2: Ball
2-2: Foul Ball, location: 2F
2-2: Foul Ball, location: 2F
2-2: Foul Ball, location: 2F
2-2: Ball
3-2: Strikes out swinging
Batting: RHB Jorge Carranza 0-0: Ball
1-0: Swinging Strike
1-1: Called Strike
1-2: Foul Ball, location: 2F
1-2: Strikes out swinging
Batting: LHB Troy Jackson 0-0: Called Strike
0-1: Ball
1-1: Ball
2-1: Ball
3-1: Bunted foul
3-2: Ground out 5-3 (Groundball, 5L)
Top of the 3rd over - 0 run(s), 0 hit(s), 0 error(s), 0 left on base; Michigan State 0 - Boston College 2
BOTTOM OF THE 3RD
Boston College Eagles batting - Pitching for Michigan State Spartans : RHP Brad Clay
Batting: RHB Vernon Sterling 0-0: Ball
1-0: Ball
2-0: Ball
3-0: Foul Ball, location: 2F
3-1: Base on Balls
Batting: SHB Felipe Castro 0-0: Ball
1-0: Foul Ball, location: 2F
1-1: Grounds into double play, 4-6-3 (Groundball, 4)
Batting: RHB Dennis House 0-0: Ball
1-0: Swinging Strike
1-1: SINGLE (Line Drive, 8RS)
Batting: LHB Greg Hyde 0-0: Ball
1-0: Ball
Wild Pitch!
Dennis House to second
2-0: Foul Ball, location: 2F
2-1: Swinging Strike
2-2: Foul Ball, location: 2F
2-2: Strikes out swinging
Bottom of the 3rd over - 0 run(s), 1 hit(s), 0 error(s), 1 left on base; Michigan State 0 - Boston College 2
TOP OF THE 4TH
Michigan State Spartans batting - Pitching for Boston College Eagles : RHP Culley Booth
Batting: LHB Cliff Mills 0-0: Ball
1-0: Called Strike
1-1: Foul Ball, location: 2F
1-2: Ball
2-2: Strikes out swinging
Batting: RHB Andrew Holmes 0-0: Called Strike
0-1: SINGLE (Groundball, 56D)
Batting: RHB Ryan Miller 0-0: Ball
1-0: Foul Ball, location: 2F
1-1: Called Strike
1-2: Strikes out swinging
Batting: RHB Arthur Hopkins 0-0: Called Strike
0-1: Ball
1-1: Swinging Strike
1-2: Foul Ball, location: 2F
1-2: Reached on error, E5 (Groundball, 56)
Andrew Holmes to second
Batting: RHB Herman O'Gleason 0-0: Ball
1-0: Ball
2-0: Ball
3-0: Called Strike
3-1: Swinging Strike
3-2: Base on Balls
Andrew Holmes to third
Arthur Hopkins to second
Batting: RHB Nick Whitehead 0-0: Ball
1-0: Ball
2-0: Foul Ball, location: 2F
2-1: Ground out 5-3 (Groundball, 5)
Top of the 4th over - 0 run(s), 1 hit(s), 1 error(s), 3 left on base; Michigan State 0 - Boston College 2
BOTTOM OF THE 4TH
Boston College Eagles batting - Pitching for Michigan State Spartans : RHP Brad Clay
Batting: RHB Jesús Morales 0-0: Called Strike
0-1: Reached on error, E6 (Groundball, 6)
Batting: RHB Theodore Burns 0-0: Ball
1-0: Called Strike
1-1: Ball
2-1: Swinging Strike
2-2: Foul Ball, location: 2F
2-2: Strikes out swinging
Pitching: RHP Nicholas Becker
Batting: RHB Randall Luna 0-0: Swinging Strike
0-1: Ball
1-1: SINGLE (Line Drive, 7S)
Jesús Morales to second
Batting: RHB Emory Brooks 0-0: Ball
1-0: DOUBLE (Line Drive, 7LS)
Jesús Morales scores
Randall Luna to third
Batting: LHB Dave Cook 0-0: Ball
1-0: Ball
2-0: Ball
3-0: Foul Ball, location: 2F
3-1: Called Strike
3-2: Base on Balls
Batting: RHB Vernon Sterling 0-0: Ball
1-0: Ball
2-0: Ball
3-0: Base on Balls
Randall Luna scores
Emory Brooks to third
Dave Cook to second
Batting: SHB Felipe Castro 0-0: Ball
1-0: Swinging Strike
1-1: Ball
2-1: Fielders Choice at 2nd, 4-6 (Groundball, 34)
Emory Brooks scores
Dave Cook to third
Batting: RHB Dennis House 0-0: Foul Ball, location: 2F
0-1: Ball
1-1: Foul Ball, location: 2F
1-2: Strikes out swinging
Bottom of the 4th over - 3 run(s), 2 hit(s), 1 error(s), 2 left on base; Michigan State 0 - Boston College 5
TOP OF THE 5TH
Michigan State Spartans batting - Pitching for Boston College Eagles : RHP Culley Booth
Batting: RHB Clinton Cook 0-0: Ball
1-0: Foul Ball, location: 2F
1-1: Foul Ball, location: 2F
1-2: Strikes out swinging
Batting: RHB Jorge Carranza 0-0: Ball
1-0: Ball
2-0: Fly out, F7 (Flyball, 7M)
Batting: LHB Troy Jackson 0-0: Ball
1-0: Foul Ball, location: 2F
1-1: Ground out 4-3 (Groundball, 4)
Top of the 5th over - 0 run(s), 0 hit(s), 0 error(s), 0 left on base; Michigan State 0 - Boston College 5
BOTTOM OF THE 5TH
Boston College Eagles batting - Pitching for Michigan State Spartans : RHP Nicholas Becker
Batting: LHB Greg Hyde 0-0: Called Strike
0-1: Ball
1-1: Swinging Strike
1-2: Ball
2-2: Foul Ball, location: 2F
2-2: Ball
3-2: Base on Balls
Batting: RHB Jesús Morales 0-0: Called Strike
0-1: Called Strike
0-2: Strikes out swinging
Batting: RHB Theodore Burns 0-0: Called Strike
0-1: Swinging Strike
0-2: Foul Ball, location: 2F
0-2: Grounds into double play, 6-4-3 (Groundball, 6M)
Bottom of the 5th over - 0 run(s), 0 hit(s), 0 error(s), 0 left on base; Michigan State 0 - Boston College 5
TOP OF THE 6TH
Michigan State Spartans batting - Pitching for Boston College Eagles : RHP Culley Booth
Pitching: RHP Clinton Johnston
Batting: LHB Cliff Mills 0-0: Called Strike
0-1: Swinging Strike
0-2: Strikes out looking
Batting: RHB Andrew Holmes 0-0: Ball
1-0: Ball
2-0: Ball
3-0: Called Strike
3-1: Fly out, F5 (Popup, 5F)
Batting: RHB Ryan Miller 0-0: Called Strike
0-1: Called Strike
0-2: Ball
1-2: Strikes out swinging
Top of the 6th over - 0 run(s), 0 hit(s), 0 error(s), 0 left on base; Michigan State 0 - Boston College 5
BOTTOM OF THE 6TH
Boston College Eagles batting - Pitching for Michigan State Spartans : RHP Nicholas Becker
Batting: RHB Randall Luna 0-0: Ball
1-0: Ball
2-0: Ball
3-0: Called Strike
3-1: Foul Ball, location: 2F
3-2: Ground out 5-3 (Groundball, 5)
Batting: RHB Emory Brooks 0-0: Ball
1-0: Called Strike
1-1: DOUBLE (Line Drive, 7LM)
Batting: LHB Dave Cook 0-0: Ball
1-0: Fly out, F7 (Flyball, 78M)
Batting: RHB Vernon Sterling 0-0: Ball
1-0: Foul Ball, location: 2F
1-1: Foul Ball, location: 2F
1-2: Ball
2-2: Foul Ball, location: 2F
2-2: Ground out 4-3 (Groundball, 4M)
Bottom of the 6th over - 0 run(s), 1 hit(s), 0 error(s), 1 left on base; Michigan State 0 - Boston College 5
TOP OF THE 7TH
Michigan State Spartans batting - Pitching for Boston College Eagles : RHP Clinton Johnston
Batting: RHB Arthur Hopkins 0-0: Called Strike
0-1: Ball
1-1: Foul Ball, location: 2F
1-2: Ball
2-2: Foul Ball, location: 2F
2-2: Strikes out looking
Batting: RHB Herman O'Gleason 0-0: Called Strike
0-1: Ball
1-1: Ground out 4-3 (Groundball, 6M)
Batting: RHB Nick Whitehead 0-0: Called Strike
0-1: Ball
1-1: Ball
2-1: Called Strike
2-2: Strikes out looking
Top of the 7th over - 0 run(s), 0 hit(s), 0 error(s), 0 left on base; Michigan State 0 - Boston College 5
BOTTOM OF THE 7TH
Boston College Eagles batting - Pitching for Michigan State Spartans : RHP Nicholas Becker
Pitching: LHP Curt Barnes
Batting: SHB Felipe Castro 0-0: Fly out, F9 (Flyball, 9M)
Batting: RHB Dennis House 0-0: Foul Ball, location: 2F
0-1: Ball
1-1: Ball
2-1: Foul Ball, location: 2F
2-2: Ball
3-2: Foul Ball, location: 2F
3-2: Base on Balls
Batting: LHB Greg Hyde 0-0: Called Strike
0-1: DOUBLE (Flyball, 7M)
Dennis House to third
Runner from 3rd tries for Home, throw and OUT!
Greg Hyde to third
Batting: RHB Jesús Morales 0-0: Called Strike
0-1: Ground out 1-3 (Groundball, 15)
Bottom of the 7th over - 0 run(s), 1 hit(s), 0 error(s), 1 left on base; Michigan State 0 - Boston College 5
TOP OF THE 8TH
Michigan State Spartans batting - Pitching for Boston College Eagles : RHP Clinton Johnston
Pitching: RHP Donnie Carpenter
Now at SS: Will Stafford
Now in RF: Wade Ayers
Batting: RHB Clinton Cook 0-0: Foul Ball, location: 2F
0-1: Ball
1-1: Foul Ball, location: 2F
1-2: Ball
2-2: Foul Ball, location: 2F
2-2: Fly out, F2 (Popup, 25F)
Batting: RHB Jorge Carranza 0-0: Ground out 5-3 (Groundball, 5S)
Batting: LHB Troy Jackson 0-0: Ball
1-0: Fly out, F8 (Flyball, 8RM)
Top of the 8th over - 0 run(s), 0 hit(s), 0 error(s), 0 left on base; Michigan State 0 - Boston College 5
BOTTOM OF THE 8TH
Boston College Eagles batting - Pitching for Michigan State Spartans : LHP Curt Barnes
Batting: RHB Theodore Burns 0-0: Swinging Strike
0-1: Ball
1-1: Ball
2-1: Foul Ball, location: 2F
2-2: Foul Ball, location: 2F
2-2: Strikes out swinging
Batting: RHB Randall Luna 0-0: Ball
1-0: Ground out 5-3 (Groundball, 56)
Batting: RHB Emory Brooks 0-0: Ball
1-0: Foul Ball, location: 2F
1-1: Called Strike
1-2: Ground out 5-3 (Groundball, 6S)
Bottom of the 8th over - 0 run(s), 0 hit(s), 0 error(s), 0 left on base; Michigan State 0 - Boston College 5
TOP OF THE 9TH
Michigan State Spartans batting - Pitching for Boston College Eagles : RHP Donnie Carpenter
Pitching: LHP Tony McCullough
Batting: LHB Cliff Mills 0-0: Ball
1-0: Ball
2-0: Ball
3-0: Base on Balls
Batting: RHB Andrew Holmes 0-0: Ball
1-0: Ball
2-0: Ball
3-0: Called Strike
3-1: Base on Balls
Cliff Mills to second
Batting: RHB Ryan Miller 0-0: Fly out, F7 (Popup, 7S)
Batting: RHB Arthur Hopkins 0-0: Ball
1-0: Swinging Strike
1-1: Foul Ball, location: 2F
1-2: Strikes out swinging
Batting: RHB Herman O'Gleason 0-0: Fly out, F8 (Flyball, 8LM)
Top of the 9th over - 0 run(s), 0 hit(s), 0 error(s), 2 left on base; Michigan State 0 - Boston College 5
This league is powered by Out of the Park Baseball, the baseball management simulation game for PC, Mac and Linux
Tuesday, August 2nd, 2016 - OOTP Baseball 16.8 Build 38